EVO
OHIO STATE UNIVERSITY BUCKEYES @ WASHINGTON STATE UNIVERSITY COUGARS
08/01/2049
 
TOP OF THE 1ST
Ohio State University Buckeyes batting - Pitching for Washington State University Cougars : RHP Ty Misner
Pitching: RHP Ty Misner
Batting: RHB Joe Costner 0-0: Ball
1-0: Called Strike
1-1: Ball
2-1: Foul Ball, location: 2F
2-2: Ball
3-2: SINGLE (Line Drive, 56D, EV 96.2 MPH)
Batting: LHB Zach Brandt 0-0: Ball
1-0: Foul Ball, location: 2F
1-1: Ball
2-1: Hit by Pitch
Joe Costner to second
Batting: LHB Anthony Ross 0-0: Foul Ball, location: 2F
0-1: Foul Ball, location: 2F
0-2: Ball
1-2: DOUBLE (Line Drive, 78M, EV 111.2 MPH)
Joe Costner scores
Zach Brandt to third
Runner from 3rd tries for Home, throw by LF and OUT! 7-6-2
Batting: RHB David Guillen 0-0: Foul Ball, location: 2F
0-1: Ball
1-1: Foul Ball, location: 2F
1-2: Ball
2-2: Fly out, F3 (Flyball, 3D, EV 85.0 MPH)
Batting: LHB Chris Perry 0-0: Ground out U3 (Groundball, 34, EV 100.0 MPH)
Top of the 1st over - 1 run, 2 hits, 0 errors, 1 left on base; Ohio State University 1 - Washington State University 0
BOTTOM OF THE 1ST
Washington State University Cougars batting - Pitching for Ohio State University Buckeyes : RHP Ray Clark
Pitching: RHP Ray Clark
Batting: RHB Rafael Collyer 0-0: Ball
1-0: Ball
2-0: Called Strike
2-1: Called Strike
2-2: SINGLE (Groundball, 5D, EV 95.6 MPH)
Batting: RHB Mas Langat 0-0: Called Strike
0-1: Ball
1-1: Called Strike
1-2: Ball
2-2: Grounds into double play, 5-4-3 (Groundball, 56, EV 85.0 MPH)
Batting: LHB Scott Spillers 0-0: Foul Ball, location: 2F
0-1: Ball
1-1: Fly out, F7 (Flyball, 7D, EV 100.6 MPH)
Bottom of the 1st over - 0 runs, 1 hit, 0 errors, 0 left on base; Ohio State University 1 - Washington State University 0
TOP OF THE 2ND
Ohio State University Buckeyes batting - Pitching for Washington State University Cougars : RHP Ty Misner
Batting: RHB Bo Wu 0-0: Ball
1-0: Ball
2-0: Ball
3-0: Called Strike
3-1: Foul Ball, location: 2F
3-2: Base on Balls
Batting: LHB Adam Simpson 0-0: Swinging Strike
0-1: Ball
1-1: Foul Ball, location: 2F
1-2: Foul Ball, location: 2F
1-2: Ball
2-2: Fielders Choice at 2nd, 3-6 (Groundball, 3, EV 98.8 MPH)
Batting: RHB Marcelo Bardelli 0-0: Swinging Strike
0-1: Called Strike
Adam Simpson is caught stealing 2nd base 2-4
0-2: Ground out 4-3 (Groundball, 34, EV 83.8 MPH)
Top of the 2nd over - 0 runs, 0 hits, 0 errors, 0 left on base; Ohio State University 1 - Washington State University 0
BOTTOM OF THE 2ND
Washington State University Cougars batting - Pitching for Ohio State University Buckeyes : RHP Ray Clark
Batting: LHB Israel Ariza 0-0: Foul Ball, location: 2F
0-1: Ball
1-1: Fly out, F9 (Flyball, 89D, EV 91.9 MPH)
Batting: LHB David Jackson 0-0: Ball
1-0: Foul Ball, location: 2F
1-1: Ball
2-1: Swinging Strike
2-2: Ball
3-2: Foul Ball, location: 2F
3-2: Base on Balls
Batting: RHB Wil Gonzales 0-0: Called Strike
0-1: Ball
1-1: Called Strike
1-2: Ball
2-2: Fly out, F8 (Flyball, 89D, EV 91.9 MPH)
Batting: RHB Joe Weber 0-0: Called Strike
0-1: Ball
1-1: Swinging Strike
1-2: Strikes out looking
Bottom of the 2nd over - 0 runs, 0 hits, 0 errors, 1 left on base; Ohio State University 1 - Washington State University 0
TOP OF THE 3RD
Ohio State University Buckeyes batting - Pitching for Washington State University Cougars : RHP Ty Misner
Batting: RHB Alvaro Millan 0-0: Ground out 6-3 (Groundball, 6S, EV 77.5 MPH)
Batting: RHB Joe Costner 0-0: Called Strike
0-1: Ball
1-1: Ball
2-1: SINGLE (Groundball, 56D, EV 99.4 MPH)
Batting: LHB Zach Brandt 0-0: Ball
Joe Costner is caught stealing 2nd base 2-6
1-0: Ground out 3-1 (Groundball, 34, EV 78.1 MPH)
Top of the 3rd over - 0 runs, 1 hit, 0 errors, 0 left on base; Ohio State University 1 - Washington State University 0
BOTTOM OF THE 3RD
Washington State University Cougars batting - Pitching for Ohio State University Buckeyes : RHP Ray Clark
Batting: SHB Bob Jeffreys 0-0: SINGLE (Flyball, 89S, EV 89.4 MPH)
Batting: LHB Tony Brea 0-0: Ball
1-0: Ball
2-0: Ball
3-0: Called Strike
3-1: Foul Ball, location: 2F
3-2: Fielders Choice at 2nd, 3-6 (Groundball, 3, EV 88.1 MPH)
Batting: RHB Rafael Collyer 0-0: Ball
1-0: Called Strike
1-1: Foul Ball, location: 2F
1-2: Ball
2-2: Grounds into double play, 1-6-3 (Groundball, 13S, EV 66.9 MPH)
Bottom of the 3rd over - 0 runs, 1 hit, 0 errors, 0 left on base; Ohio State University 1 - Washington State University 0
TOP OF THE 4TH
Ohio State University Buckeyes batting - Pitching for Washington State University Cougars : RHP Ty Misner
Batting: LHB Anthony Ross 0-0: Ball
1-0: Ground out 4-3 (Groundball, 4, EV 82.5 MPH)
Batting: RHB David Guillen 0-0: Ground out 4-3 (Groundball, 4M, EV 92.5 MPH)
Batting: LHB Chris Perry 0-0: Fly out, F8 (Flyball, 8LD, EV 80.6 MPH)
Top of the 4th over - 0 runs, 0 hits, 0 errors, 0 left on base; Ohio State University 1 - Washington State University 0
BOTTOM OF THE 4TH
Washington State University Cougars batting - Pitching for Ohio State University Buckeyes : RHP Ray Clark
Batting: RHB Mas Langat 0-0: Called Strike
0-1: Ball
1-1: Fly out, F8 (Line Drive, 8LD, EV 95.0 MPH)
Batting: LHB Scott Spillers 0-0: Fly out, F9 (Flyball, 89M, EV 82.5 MPH)
Batting: LHB Israel Ariza 0-0: Called Strike
0-1: Ground out 4-3 (Groundball, 4, EV 81.9 MPH)
Bottom of the 4th over - 0 runs, 0 hits, 0 errors, 0 left on base; Ohio State University 1 - Washington State University 0
TOP OF THE 5TH
Ohio State University Buckeyes batting - Pitching for Washington State University Cougars : RHP Ty Misner
Now at 1B: Toyo Ibe
Batting: RHB Bo Wu 0-0: Ball
1-0: Ball
2-0: Called Strike
2-1: Foul Ball, location: 2F
2-2: Foul Ball, location: 2F
2-2: Strikes out looking
Batting: LHB Adam Simpson 0-0: Hit by Pitch
Batting: RHB Marcelo Bardelli 0-0: SINGLE (Flyball, 8LS, EV 90.6 MPH)
Adam Simpson to second
Batting: RHB Alvaro Millan 0-0: Ball
1-0: Fielders Choice at 2nd, 6-4 (Groundball, 6, EV 82.5 MPH)
Adam Simpson to third
Batting: RHB Joe Costner 0-0: Called Strike
0-1: Called Strike
0-2: Ball
1-2: Foul Ball, location: 2F
1-2: Ground out 5-3 (Groundball, 56S, EV 85.6 MPH)
Top of the 5th over - 0 runs, 1 hit, 0 errors, 2 left on base; Ohio State University 1 - Washington State University 0
BOTTOM OF THE 5TH
Washington State University Cougars batting - Pitching for Ohio State University Buckeyes : RHP Ray Clark
Pitching: RHP Chi-hyeong Kwon
Now in LF: John King
Batting: LHB David Jackson 0-0: Ball
1-0: Ground out 5-3 (Groundball, 56S, EV 71.2 MPH)
Batting: RHB Wil Gonzales 0-0: Called Strike
0-1: Ball
1-1: Ball
2-1: Fly out, F8 (Flyball, 8RM, EV 81.2 MPH)
Batting: RHB Joe Weber 0-0: Ball
1-0: Foul Ball, location: 2F
1-1: Foul Ball, location: 2F
1-2: Strikes out swinging
Bottom of the 5th over - 0 runs, 0 hits, 0 errors, 0 left on base; Ohio State University 1 - Washington State University 0
TOP OF THE 6TH
Ohio State University Buckeyes batting - Pitching for Washington State University Cougars : RHP Ty Misner
Now at C: Dave DeLaMater
Now at SS: Rex Creswell
Now in RF: Miguel Paredes
Batting: LHB John King 0-0: Foul Ball, location: 2F
0-1: Ball
1-1: Ball
2-1: Foul Ball, location: 2F
2-2: SINGLE (Line Drive, 78S, EV 100.6 MPH)
Pinch Hitting: RHB Mike Goodrich 0-0: Ball
1-0: Called Strike
1-1: Ball
2-1: SINGLE (Line Drive, 8RS, EV 107.5 MPH)
John King to second
Pinch Hitting: RHB Mike Tarantino 0-0: Ball
1-0: Fly out, F9 (Line Drive, 9, EV 105.0 MPH)
Batting: LHB Chris Perry 0-0: Called Strike
0-1: Swinging Strike
0-2: Ball
1-2: Strikes out swinging
Batting: RHB Jacob Carrano 0-0: Ground out 5-3 (Groundball, 5S, EV 72.5 MPH)
Top of the 6th over - 0 runs, 2 hits, 0 errors, 2 left on base; Ohio State University 1 - Washington State University 0
BOTTOM OF THE 6TH
Washington State University Cougars batting - Pitching for Ohio State University Buckeyes : RHP Chi-hyeong Kwon
Now at 1B: Masatoshi Mori
Now at 2B: Bill Daniel
Now at 3B: Mike Goodrich
Now in RF: Dan Hummel
Batting: SHB Bob Jeffreys 0-0: Swinging Strike
0-1: Ball
1-1: Fly out, F8 (Flyball, 8LD, EV 93.1 MPH)
Batting: LHB Tony Brea 0-0: Foul Ball, location: 2F
0-1: Ball
1-1: Ball
2-1: Called Strike
2-2: Strikes out swinging
Pinch Hitting: RHB Ryan Toth 0-0: Ball
1-0: Called Strike
1-1: Ball
2-1: Swinging Strike
2-2: Foul Ball, location: 2F
2-2: Fly out, F7 (Flyball, 7LM, EV 93.1 MPH)
Bottom of the 6th over - 0 runs, 0 hits, 0 errors, 0 left on base; Ohio State University 1 - Washington State University 0
TOP OF THE 7TH
Ohio State University Buckeyes batting - Pitching for Washington State University Cougars : RHP Ty Misner
Pitching: RHP Teddy Barber
Now at 2B: Ryan Toth
Batting: RHB Masatoshi Mori 0-0: Ball
1-0: Foul Ball, location: 2F
1-1: Called Strike
1-2: SINGLE (Flyball, 89S, EV 95.0 MPH)
Batting: RHB Bill Daniel 0-0: Ball
1-0: Sac Bunt to 2R - play at first, batter OUT! 2-3
Masatoshi Mori to second
Batting: RHB Alvaro Millan 0-0: Foul Ball, location: 2F
0-1: Ball
1-1: Ball
2-1: Foul Ball, location: 2F
2-2: Foul Ball, location: 2F
2-2: Ball
3-2: Foul Ball, location: 2F
3-2: Foul Ball, location: 2F
3-2: Base on Balls
Batting: RHB Joe Costner 0-0: SINGLE (Line Drive, 89S, EV 95.6 MPH)
Masatoshi Mori to third
Alvaro Millan to second
Batting: LHB John King 0-0: Called Strike
0-1: Ball
1-1: Grounds into fielders choice 6-2 (Groundball, 56, EV 85.6 MPH)
Alvaro Millan to third
Joe Costner to second
Batting: RHB Mike Goodrich 0-0: Ball
1-0: Ball
2-0: Called Strike
2-1: Called Strike
2-2: Foul Ball, location: 2F
2-2: Strikes out swinging
Top of the 7th over - 0 runs, 2 hits, 0 errors, 3 left on base; Ohio State University 1 - Washington State University 0
BOTTOM OF THE 7TH
Washington State University Cougars batting - Pitching for Ohio State University Buckeyes : RHP Chi-hyeong Kwon
Pitching: RHP Rodolfo Lrio
Batting: RHB Miguel Paredes 0-0: Ball
1-0: Called Strike
1-1: Swinging Strike
1-2: Strikes out swinging
Batting: LHB Rex Creswell 0-0: SINGLE (Line Drive, 8LS, EV 100.6 MPH)
Pinch Hitting: RHB Briruc Fenuku 0-0: Ball
1-0: SINGLE (Groundball, 34D, EV 99.4 MPH)
Rex Creswell to second
Runner from 2nd tries for 3rd, SAFE, throw by RF made to third
Pitching: LHP Adrien Leroy
Pinch Hitting: SHB Juan Delanoval 0-0: Ball
1-0: Called Strike
1-1: Ball
2-1: Ball
Wild Pitch!
Rex Creswell scores
Briruc Fenuku to second
3-1: SINGLE (Groundball, 5S, EV 66.9 MPH) (infield hit)
Briruc Fenuku to third
Batting: RHB Ron Essink 0-0: Called Strike
0-1: Ball
1-1: Called Strike
1-2: Strikes out swinging
Batting: RHB Dave DeLaMater 0-0: Ball
1-0: Foul Ball, location: 2F
1-1: Ball
2-1: Ball
3-1: Fielders Choice at 2nd, 6-4 (Groundball, 6, EV 85.0 MPH)
Bottom of the 7th over - 1 run, 3 hits, 0 errors, 2 left on base; Ohio State University 1 - Washington State University 1
TOP OF THE 8TH
Ohio State University Buckeyes batting - Pitching for Washington State University Cougars : RHP Teddy Barber
Pitching: LHP Scott Bradley
Now at 1B: Briruc Fenuku
Now in LF: Miguel Paredes
Now in CF: Juan Delanoval
Now in RF: Tony Brea
Pinch Hitting: RHB Josh Dinsmore 0-0: Called Strike
0-1: SINGLE (Flyball, 8LS, EV 84.4 MPH)
Pinch Hitting: LHB Ben Callaway 0-0: Called Strike
0-1: Called Strike
0-2: Ball
1-2: Ball
2-2: Ball
3-2: Base on Balls
Josh Dinsmore to second
Batting: RHB Jacob Carrano 0-0: Ball
1-0: Fielders Choice at 2nd, 6-4 (Groundball, 6, EV 101.2 MPH)
Josh Dinsmore to third
Batting: RHB Masatoshi Mori 0-0: Ball
1-0: Called Strike
1-1: Ball
2-1: Foul Ball, location: 2F
2-2: Ball
3-2: Foul Ball, location: 2F
3-2: SINGLE (Groundball, 56, EV 98.1 MPH)
Josh Dinsmore scores
Jacob Carrano to second
Batting: RHB Bill Daniel 0-0: Fly out, F9 (Flyball, 9S, EV 83.1 MPH)
Batting: RHB Alvaro Millan 0-0: Called Strike
0-1: Called Strike
0-2: Foul Ball, location: 2F
0-2: Ball
1-2: Ball
2-2: Ball
3-2: Strikes out swinging
Top of the 8th over - 1 run, 2 hits, 0 errors, 2 left on base; Ohio State University 2 - Washington State University 1
BOTTOM OF THE 8TH
Washington State University Cougars batting - Pitching for Ohio State University Buckeyes : LHP Adrien Leroy
Pitching: RHP Leonidas Panagopoulos
Now at C: Ben Callaway
Now in RF: Harry Jerome
Batting: SHB Bob Jeffreys 0-0: Ball
1-0: SINGLE (Line Drive, 89D, EV 102.5 MPH)
Pinch Hitting: RHB Wambua Ewansiha 0-0: Ball
1-0: SINGLE (Flyball, 5D, EV 89.4 MPH)
Bob Jeffreys to second
Batting: RHB Ryan Toth 0-0: Ball
1-0: Ball
2-0: TRIPLE (Line Drive, 7D, EV 105.6 MPH)
Bob Jeffreys scores
Wambua Ewansiha scores
Batting: RHB Miguel Paredes 0-0: Ball
1-0: Called Strike
1-1: Swinging Strike
1-2: Foul Ball, location: 2F
1-2: Foul Ball, location: 2F
1-2: Ball
2-2: Fly out, F7 (Flyball, 7, EV 86.9 MPH)
Runner from 3rd tags up, SCORES, no throw by LF
Pitching: RHP Danny Arnold
Batting: LHB Rex Creswell 0-0: Called Strike
0-1: Called Strike
0-2: Ball
1-2: Ball
2-2: Ball
3-2: Ground out 6-3 (Groundball, 6S, EV 76.9 MPH)
Batting: RHB Briruc Fenuku 0-0: Swinging Strike
0-1: Called Strike
0-2: Foul Ball, location: 2F
0-2: Ball
1-2: Strikes out swinging
Bottom of the 8th over - 3 runs, 3 hits, 0 errors, 0 left on base; Ohio State University 2 - Washington State University 4
TOP OF THE 9TH
Ohio State University Buckeyes batting - Pitching for Washington State University Cougars : LHP Scott Bradley
Pitching: RHP Jim Burbidge
Now in RF: Wambua Ewansiha
Batting: RHB Joe Costner 0-0: Ball
1-0: Fly out, F8 (Flyball, 8LM, EV 83.8 MPH)
Batting: LHB John King 0-0: Swinging Strike
0-1: Hit by Pitch
Batting: RHB Mike Goodrich 0-0: Called Strike
0-1: Ball
1-1: Reached on error, E9 (Flyball, 9LM, EV 93.8 MPH)
John King to second
Batting: RHB Harry Jerome 0-0: Ball
1-0: Called Strike
1-1: Ball
2-1: Ball
3-1: Foul Ball, location: 2F
3-2: Foul Ball, location: 2F
3-2: Base on Balls
John King to third
Mike Goodrich to second
Batting: LHB Ben Callaway 0-0: Ball
1-0: Ball
2-0: Ball
3-0: Called Strike
3-1: Called Strike
3-2: Fly out, F7 (Flyball, 78M, EV 88.8 MPH)
Batting: RHB Tristan Gimple 0-0: Ball
1-0: Called Strike
1-1: Called Strike
1-2: Fly out, F8 (Flyball, 8RD, EV 73.1 MPH)
Top of the 9th over - 0 runs, 0 hits, 1 error, 3 left on base; Ohio State University 2 - Washington State University 4
Sunday, July 16th , 2023 - OOTP Baseball 24.6 Build 69